Match 44632403
Unlisted

Match 44632403
End
Construct Infanterie Kompanie
Selects Breakthrough Battlegroup
Selects Assault Grenadiers
Grenadier Squad
Grenadier Squad
MG 42 Machine Gun Team
Grenadier Squad
Selects Breakthrough
Infanterie Officer Quarters
Pioneer Squad
Grenadier Squad
Medical Bunker
GrW 34 Mortar Team
Selects Mechanized Assault Group
Construct Luftwaffe Kompanie
Selects Rapid Production
Support Elements
Wirbelwind Flakpanzer
Mechanized Assault Group
pagep
7k this year for sure
scorpion
Fluffgrumt
0
0

Comments sign in to comment!

No comments posted yet!